 Dungeon Crawl Stone Soup version 0.24.0-123-gd5b16e6ec5 (webtiles) character file.

Game seed: 15183454314694395336, levelgen mode: deterministic

4223 FishyPogo the Magician (level 10, -2/77 HPs)
             Began as a Gnoll Skald on Jan 4, 2020.
             Was a Follower of Makhleb.
             Slain by a troll (9 damage)
             ... on level 9 of the Dungeon.
             The game lasted 00:27:25 (7329 turns).

FishyPogo the Magician (Gnoll Skald)                Turns: 7329, Time: 00:27:25

Health: -2/77      AC:  8    Str: 17    XL:     10   Next: 30%
Magic:  0/29       EV: 16    Int: 16    God:    Makhleb [*.....]
Gold:   498        SH:  0    Dex: 14    Spells: 2/23 levels left

rFire    . . .     SeeInvis .   a - +1 short sword
rCold    . . .     Gourm    .   (no shield)
rNeg     . . .     Faith    .   b - +1 leather armour
rPois    .         Spirit   +   (no helmet)
rElec    .         Reflect  .   m - +0 cloak
rCorr    .         Harm     .   o - +1 pair of gloves
MR       +....                  (no boots)
Stlth    +++.......             A - amulet of guardian spirit
HPRegen  0.22/turn              v - ring of protection from magic
MPRegen  0.21/turn              j - ring of magical power

@: no status effects
A: distributed training, fangs 1, strong nose
a: Renounce Religion


You were on level 9 of the Dungeon.
You worshipped Makhleb.
Makhleb was aware of your devotion.
You were not hungry.

You visited 2 branches of the dungeon, and saw 10 of its levels.

You collected 498 gold pieces.

Inventory:

Hand Weapons
 a - a +1 short sword (weapon)
 n - a +4 quarterstaff of chaos
 w - a +0 war axe of flaming
 O - a +0 dagger of freezing
 Q - a +5 long sword
Missiles
 e - 73 sling bullets
 f - 289 stones (quivered)
 l - 6 silver boomerangs
 q - 4 boomerangs
 H - 40 poisoned darts
Armour
 b - a +1 leather armour (worn)
 m - a +0 cloak (worn)
 o - a +1 pair of gloves (worn)
 S - a +2 robe of positive energy
Jewellery
 i - a +3 ring of intelligence
 j - a ring of magical power (right hand)
 v - a ring of protection from magic (left hand)
 y - an uncursed ring of protection from cold
 A - an amulet of guardian spirit (around neck)
 L - an uncursed ring of magical power
Wands
 G - a wand of flame (57)
 M - a wand of paralysis (10)
Scrolls
 c - 4 scrolls of fear {unknown}
 k - 2 scrolls of enchant weapon
 p - 9 scrolls of identify {unknown}
 r - 3 scrolls of remove curse
 x - 3 scrolls of teleportation {unknown}
 z - a scroll of random uselessness {unknown}
 B - a scroll of blinking {unknown}
 C - 2 scrolls of fog {unknown}
 D - 3 scrolls of magic mapping {unknown}
 I - 2 scrolls of enchant armour
Potions
 g - 3 potions of curing {unknown}
 h - 4 potions of lignification {unknown}
 s - 2 potions of flight {unknown}
 t - a potion of magic {unknown}
 u - 2 potions of brilliance {unknown}
 E - 2 potions of agility {unknown}
 F - a potion of resistance {unknown}
 J - a potion of cancellation {unknown}
 K - a potion of heal wounds {unknown}
 N - a potion of might {unknown}
Miscellaneous
 P - a lamp of fire (inert)
Comestibles
 d - 15 rations
 R - 2 chunks of flesh


   Skills:
 + Level 6.9 Fighting
 + Level 6.9 Short Blades
 + Level 5.0 Long Blades
 + Level 5.0 Axes
 + Level 5.0 Maces & Flails
 + Level 5.0 Polearms
 + Level 5.0 Staves
 + Level 5.0 Slings
 + Level 5.0 Bows
 + Level 5.0 Crossbows
 + Level 5.0 Throwing
 + Level 5.7 Armour
 + Level 6.9 Dodging
 + Level 5.0 Stealth
 + Level 5.0 Shields
 + Level 5.0 Unarmed Combat
 + Level 7.2 Spellcasting
 + Level 4.1 Conjurations
 + Level 4.1 Hexes
 + Level 7.0 Charms
 + Level 4.1 Summonings
 + Level 4.1 Necromancy
 + Level 4.1 Translocations
 + Level 4.1 Transmutations
 + Level 4.1 Fire Magic
 + Level 4.1 Ice Magic
 + Level 4.1 Air Magic
 + Level 4.1 Earth Magic
 + Level 4.1 Poison Magic
 + Level 5.5 Invocations
 + Level 5.0 Evocations


You had 2 spell levels left.
You knew the following spells:

 Your Spells              Type           Power        Failure   Level  Hunger
a - Magic Dart            Conj           ###.         2%          1    None
c - Mephitic Cloud        Conj/Pois/Air  ###.....     8%          3    ##.....
h - Regeneration          Chrm/Necr      ###.......   4%          3    ##.....
j - Conjure Flame         Conj/Fire      ###.....     8%          3    ##.....
k - Summon Guardian Gole  Hex/Summ       ###.....     8%          3    ##.....
n - Spectral Weapon       Hex/Chrm       ###.....     4%          3    ##.....
p - Shroud of Golubria    Chrm/Tloc      ###...       2%          2    None
u - Song of Slaying       Chrm           ####....     1%          2    None
y - Infusion              Chrm           ####         1%          1    None

Your spell library contained the following spells:

 Spells                   Type           Power        Failure   Level  Hunger
 Summon Small Mammal      Summ           ###.         2%          1    None
 Blink                    Tloc           N/A          4%          2    None
 Call Imp                 Summ           ###.....     4%          2    None
 Slow                     Hex            ###.....     4%          2    None
 Call Canine Familiar     Summ           ###.....     8%          3    ##.....
 Summon Ice Beast         Ice/Summ       ###.....     26%         4    ####...
 Summon Lightning Spire   Summ/Air       ###.....     26%         4    ####...


Dungeon Overview and Level Annotations

Branches:
Dungeon (9/15)             Temple (1/1) D:7
   Lair: D:8-11         Orc: D:9-12

Altars:
Ashenzari
Cheibriados
Dithmenos
Elyvilon
Fedhas
Gozag
Hepliaklqana
Kikubaaqudgha
Makhleb
Nemelex Xobeh
Okawaru
Qazlal
Ru
Sif Muna
Trog
Uskayaw
Vehumet
Wu Jian
Xom
Yredelemnul
Zin
The Shining One

Shops:
D:8 :   D:9 }


Innate Abilities, Weirdness & Mutations

Your experience applies equally to all skills.
You have very sharp teeth.
Your uncanny sense of smell can sniff out nearby items.


Message History

The troll bites you!
* * * LOW HITPOINT WARNING * * *
The troll claws you but does no damage. The troll completely misses you.
Unknown command.
You barely miss the troll. Your bite misses the troll.
The troll is severely wounded.
Your spectral weapon hits the troll.
A centaur skeleton comes into view.
You hit the troll.
The troll is almost dead.
Your spectral weapon hits the troll.
The troll bites your spectral weapon.
Your spectral weapon shares its damage with you!
* * * LOW HITPOINT WARNING * * *
The troll claws your spectral weapon.
The troll barely misses your spectral weapon.
You hit the troll.
The troll is almost dead.
Your spectral weapon hits the troll.
The troll closely misses you. The troll claws you!
You die...

.....#...... #...+ #######
#.##......# #...# #......
.....####### #...# #.####.
..######...###.Z.# ∆ #.# #<
..#####)....##...# #######.#
##
.....#[......#...####....)..#
.....#.......'...##......#).#
..##.#.......#.†T##.....##[.#
.(...##)...[##.(@#......##[##
###
.....###..)###........####[#
##.. ..#..#######
#############.###...
..........# #........)....
#.#.......# ###.....)##...
#.#.......# ##......##.#
#.#.......# #..........
..#..#'#..# ##.....##^#
###..'∩'..# ##..(###.#


You could see a troll, a centaur skeleton and a friendly spectral +1 short
sword.

Vanquished Creatures
  Pikel (D:9)
  Maurice (D:8)
  Prince Ribbit (D:5)
  A yak (D:9)
  Edmund (D:6)
  A water moccasin (D:8)
  An orc warrior (D:8)
  A black bear (D:9)
  3 phantoms
  4 slaves (D:9)
  2 ogres
  A centaur (D:8)
  5 bullfrogs
  A wyvern zombie (D:8)
  A wyvern skeleton (D:8)
  A scorpion (D:4)
  6 killer bees (D:9)
  4 wights (D:9)
  A howler monkey (D:9)
  3 crimson imps
  4 hounds
  Crazy Yiuf (D:2)
  6 orc priests
  A bullfrog skeleton (D:8)
  Jessica (D:2)
  Natasha (thrice) (D:2)
  5 orc wizards
  2 iguanas
  4 worker ants
  A hound zombie (D:5)
  2 hound skeletons
  A worker ant zombie (D:6)
  18 adders
  A shadow imp (D:9)
  An ooze (D:2)
  2 adder zombies (D:8)
  An adder skeleton (D:5)
  A worm (D:3)
  3 dart slugs (D:1)
  6 leopard geckos
  22 orcs
  A ball python (D:1)
  8 giant cockroaches
  5 goblins
  9 hobgoblins
  11 jackals
  3 quokkas
  9 bats
  6 frilled lizards
  A giant cockroach zombie (D:5)
  A jackal zombie (D:7)
  9 kobolds
  A leopard gecko zombie (D:6)
  A quokka skeleton (D:4)
  8 rats
199 creatures vanquished.

Vanquished Creatures (others)
  4 spectral weapons
4 creatures vanquished.

Grand Total: 203 creatures vanquished

Notes
Turn   | Place    | Note
-------+----------+-------------------------------------------
     0 | D:1      | FishyPogo the Gnoll Skald began the quest for the Orb.
     0 | D:1      | Reached XP level 1. HP: 20/20 MP: 6/6
   179 | D:1      | Reached XP level 2. HP: 16/26 MP: 7/7
   183 | D:1      | Learned a level 2 spell: Song of Slaying
   186 | D:1      | Learned a level 2 spell: Shroud of Golubria
   409 | D:1      | Reached XP level 3. HP: 24/31 MP: 0/9
   429 | D:1      | Reached skill level 5 in Spellcasting
   510 | D:1      | Learned a level 3 spell: Regeneration
   514 | D:1      | Learned a level 3 spell: Spectral Weapon
   925 | D:2      | Reached skill level 1 in Invocations
  1059 | D:2      | Noticed Natasha
  1068 | D:2      | Killed Natasha
  1068 | D:2      | Reached skill level 1 in Long Blades
  1068 | D:2      | Reached skill level 1 in Axes
  1068 | D:2      | Reached skill level 1 in Maces & Flails
  1068 | D:2      | Reached skill level 1 in Polearms
  1068 | D:2      | Reached skill level 1 in Staves
  1068 | D:2      | Reached skill level 1 in Slings
  1068 | D:2      | Reached skill level 1 in Bows
  1068 | D:2      | Reached skill level 1 in Crossbows
  1068 | D:2      | Reached skill level 1 in Throwing
  1068 | D:2      | Reached skill level 1 in Stealth
  1068 | D:2      | Reached skill level 1 in Shields
  1068 | D:2      | Reached skill level 1 in Unarmed Combat
  1068 | D:2      | Reached skill level 1 in Evocations
  1068 | D:2      | Reached XP level 4. HP: 38/38 MP: 11/11
  1095 | D:2      | Noticed Jessica
  1102 | D:2      | Killed Jessica
  1102 | D:2      | Reached skill level 1 in Conjurations
  1102 | D:2      | Reached skill level 1 in Hexes
  1102 | D:2      | Reached skill level 1 in Summonings
  1102 | D:2      | Reached skill level 1 in Necromancy
  1102 | D:2      | Reached skill level 1 in Translocations
  1102 | D:2      | Reached skill level 1 in Transmutations
  1102 | D:2      | Reached skill level 1 in Fire Magic
  1102 | D:2      | Reached skill level 1 in Ice Magic
  1102 | D:2      | Reached skill level 1 in Air Magic
  1102 | D:2      | Reached skill level 1 in Earth Magic
  1102 | D:2      | Reached skill level 1 in Poison Magic
  1160 | D:2      | Found a runed translucent door.
  1161 | D:2      | Noticed Crazy Yiuf
  1174 | D:2      | Killed Crazy Yiuf
  1174 | D:2      | Reached XP level 5. HP: 43/43 MP: 9/12
  1255 | D:2      | Noticed Natasha
  1452 | D:2      | Killed Natasha
  1573 | D:2      | Noticed Natasha
  1586 | D:2      | Killed Natasha
  1667 | D:3      | Reached XP level 6. HP: 46/50 MP: 13/13
  1853 | D:3      | Reached skill level 5 in Fighting
  1853 | D:3      | Reached skill level 5 in Short Blades
  1853 | D:3      | Reached skill level 5 in Dodging
  2392 | D:4      | Reached XP level 7. HP: 56/56 MP: 15/15
  3187 | D:5      | Entered Level 5 of the Dungeon
  3390 | D:5      | Noticed Prince Ribbit
  3574 | D:5      | Found an ancient bone altar of Kikubaaqudgha.
  3689 | D:5      | Killed Prince Ribbit
  3689 | D:5      | Reached XP level 8. HP: 55/63 MP: 15/16
  4349 | D:6      | Noticed Edmund
  4754 | D:7      | Found a staircase to the Ecumenical Temple.
  4767 | Temple   | Entered the Ecumenical Temple
  4776 | Temple   | Became a worshipper of Makhleb the Destroyer
  5200 | D:6      | Killed Edmund
  5200 | D:6      | Reached XP level 9. HP: 62/69 MP: 18/18
  5413 | D:8      | Learned a level 1 spell: Magic Dart
  5417 | D:8      | Learned a level 3 spell: Conjure Flame
  5421 | D:8      | Learned a level 3 spell: Mephitic Cloud
  5614 | D:8      | Found Buw Raur's Book Shop.
  5698 | D:8      | Noticed Maurice
  5737 | D:8      | Killed Maurice
  5737 | D:8      | Reached skill level 5 in Armour
  6337 | D:9      | Learned a level 3 spell: Summon Guardian Golem
  6404 | D:8      | Reached * piety under Makhleb
  6404 | D:8      | Reached skill level 5 in Invocations
  6655 | D:9      | Reached XP level 10. HP: 75/77 MP: 19/20
  7005 | D:9      | Found Soedut's Gadget Boutique.
  7102 | D:9      | Noticed Pikel
  7133 | D:9      | Killed Pikel
  7133 | D:9      | Reached skill level 5 in Long Blades
  7133 | D:9      | Reached skill level 5 in Axes
  7133 | D:9      | Reached skill level 5 in Maces & Flails
  7133 | D:9      | Reached skill level 5 in Polearms
  7133 | D:9      | Reached skill level 5 in Staves
  7133 | D:9      | Reached skill level 5 in Slings
  7133 | D:9      | Reached skill level 5 in Bows
  7133 | D:9      | Reached skill level 5 in Crossbows
  7133 | D:9      | Reached skill level 5 in Throwing
  7133 | D:9      | Reached skill level 5 in Stealth
  7133 | D:9      | Reached skill level 5 in Shields
  7133 | D:9      | Reached skill level 5 in Unarmed Combat
  7133 | D:9      | Reached skill level 5 in Evocations
  7208 | D:9      | Noticed a spiny frog
  7217 | D:9      | a spiny frog changed into a komodo dragon
  7222 | D:9      | Noticed an elephant
  7222 | D:9      | a komodo dragon changed into an elephant
  7263 | D:9      | Noticed a glowing orange brain
  7263 | D:9      | an elephant changed into a glowing orange brain
  7329 | D:9      | Slain by a troll

Levels and vault maps discovered:
D:1:      elethiomel_arrival_infinity_welcomes_careful_drivers, layout_rooms,
          palyth_stone_intersect
D:2:      layout_basic, kennysheep_cross_room, minmay_pentomino_w4,
          uniq_jessica, uniq_crazy_yiuf_cottage, uniq_natasha
D:3:      layout_rooms
D:4:      layout_layer_cave, first_ration
D:5:      layout_rooms, old_standard_altar, minivault_23, uniq_prince_ribbit1
D:6:      layout_cave_pools, sigmund_edmund_badplayer
D:7:      layout_loops_ring, minmay_temple_entry_proselytizer,
          chequers_serial_rivers_room_b
D:8:      layout_loops_ring, serial_shops, kennysheep_little_box, uniq_maurice
D:9:      minmay_opposing_rooms, layout_loops_ring, serial_shops,
          kennysheep_mini, uniq_gastronok, uniq_pikel
Temple:   compressed_dpeg_circular_temple

Skill      XL: |  1  2  3  4  5  6  7  8  9 10 |
---------------+-------------------------------+-----
Spellcasting   | 5 6 7 |  7.2
Invocations    | 1 2 3 4 5 |  5.5
Long Blades    | 1 2 3 4 5 |  5.0
Axes           | 1 2 3 4 5 |  5.0
Maces & Flails | 1 2 3 4 5 |  5.0
Polearms       | 1 2 3 4 5 |  5.0
Staves         | 1 2 3 4 5 |  5.0
Slings         | 1 2 3 4 5 |  5.0
Bows           | 1 2 3 4 5 |  5.0
Crossbows      | 1 2 3 4 5 |  5.0
Throwing       | 1 2 3 4 5 |  5.0
Stealth        | 1 2 3 4 5 |  5.0
Shields        | 1 2 3 4 5 |  5.0
Unarmed Combat | 1 2 3 4 5 |  5.0
Evocations     | 1 2 3 4 5 |  5.0
Conjurations   | 1 2 3 4 |  4.1
Hexes          | 1 2 3 4 |  4.1
Summonings     | 1 2 3 4 |  4.1
Necromancy     | 1 2 3 4 |  4.1
Translocations | 1 2 3 4 |  4.1
Transmutations | 1 2 3 4 |  4.1
Fire Magic     | 1 2 3 4 |  4.1
Ice Magic      | 1 2 3 4 |  4.1
Air Magic      | 1 2 3 4 |  4.1
Earth Magic    | 1 2 3 4 |  4.1
Poison Magic   | 1 2 3 4 |  4.1
Armour         | 3 4 5 |  5.7
Fighting       | 5 6 |  6.9
Short Blades   | 5 6 |  6.9
Dodging        | 5 6 |  6.9
Charms         | 6 7 |  7.0

Action                   |  1- 3 |  4- 6 |  7- 9 | 10-12 || total
-------------------------+-------+-------+-------+-------++-------
Melee: Short sword       |   116 |   171 |   489 |   145 ||   921
       Bite              |    14 |    16 |    57 |    14 ||   101
       Quarterstaff      |       |     7 |       |       ||     7
       Punch             |       |       |     8 |     3 ||    11
Throw: Stone             |       |     1 |       |     8 ||     9
 Cast: Infusion          |     6 |     5 |     9 |     4 ||    24
       Shroud of Golubri |     8 |    16 |    40 |    12 ||    76
       Spectral Weapon   |     1 |     7 |    28 |    13 ||    49
       Regeneration      |       |     2 |    13 |     2 ||    17
       Magic Dart        |       |       |    20 |     9 ||    29
       Song of Slaying   |       |       |       |     1 ||     1
Evoke: Lamp of fire      |       |       |     1 |       ||     1
       Wand              |       |       |       |     1 ||     1
  Use: Scroll            |     3 |       |     1 |       ||     4
 Stab: Sleeping          |       |     2 |     6 |       ||     8
       Distracted        |       |     1 |     7 |     4 ||    12
  Eat: Chunk             |     1 |     5 |    17 |     3 ||    26
Armor: Leather armour    |    11 |    36 |    94 |    23 ||   164
       Skin              |       |       |     1 |       ||     1
Dodge: Dodged            |    68 |   106 |   290 |    89 ||   553
